 Dungeon Crawl Stone Soup version 0.30.1-11-g7821555f0a (webtiles) character file.

Game seed: 15409910757671822493

5 ChrisAssaf the Grave Robber (level 1, -1/14 HPs)
             Began as a Draconian Necromancer on Dec 16, 2023.
             Frozen to death by an endoplasm (5 damage)
             ... on level 1 of the Dungeon.
             The game lasted 00:01:06 (251 turns).

ChrisAssaf the Grave Robber (Draconian Necromancer)  Turns: 251, Time: 00:01:07

Health: -1/14      AC:  4    Str: 10    XL:     1   Next: 66%
Magic:  0/3        EV: 12    Int: 15    God:
Gold:   2          SH:  0    Dex: 11    Spells: 3/4 levels left

rFire   . . .        (no weapon)
rCold   . . .        (no shield)
rNeg    . . .        (body armour unavailable)
rPois   .            (helmet restricted)
rElec   .            (no cloak)
rCorr   .            (no gloves)
SInv    .            (no boots)
Will    .....        (no amulet)
Stlth   ++           (no ring)
HPRegen 0.22/turn    (no ring)
MPRegen 0.08/turn

%: no passive effects
@: no status effects
A: AC +4, unfitting armour, cold-blooded
a: no special abilities


You were on level 1 of the Dungeon.
You visited 1 branch of the dungeon, and saw 1 of its levels.

You collected 2 gold pieces.

Inventory:

Scrolls
 c - a scroll of identify {unknown}
Potions
 b - a potion of invisibility {unknown}


   Skills:
 * Level 0.1 Fighting
 * Level 1.8 Dodging
 * Level 1.8 Stealth
 * Level 2.0 Spellcasting
 * Level 4.1 Necromancy


You had 3 spell levels left.
You knew the following spells:

 Your Spells              Type           Power      Damage    Failure   Level
a - Necrotise             Necr           56%        1d6       4%          1

Your spell library contained the following spells:

 Spells                   Type           Power      Damage    Failure   Level
 Vampiric Draining        Necr           14%        2d7       12%         3
 Animate Dead             Necr           14%        N/A       36%         4
 Agony                    Necr           14%        N/A       73%         5


Dungeon Overview and Level Annotations

Branches:
Dungeon (1/15)

Altars:


Innate Abilities, Weirdness & Mutations

Your plain brown scales are hard. (AC +4)
You cannot fit into any form of body armour.
You are cold-blooded and may be slowed by cold attacks.


Message History

The endoplasm attacks as you move away! The endoplasm hits you.
The endoplasm attacks as you move away! The endoplasm closely misses you.
The endoplasm attacks as you move away! The endoplasm barely misses you.
The endoplasm attacks as you move away!
The endoplasm hits you but does no damage.
The endoplasm attacks as you move away!
The endoplasm hits you but does no damage.
Aiming: Necrotise (safe; 4% risk of failure)
Press: ? - help, Q - select action Shift-Dir - straight line, f/p - endoplasm
Aim: an endoplasm (moderately wounded, chance to affect: 84%)
The endoplasm barely resists.
The endoplasm hits you.
Unknown command.
The frilled lizard attacks as you move away!
The frilled lizard barely misses you. The endoplasm hits you.
The frilled lizard attacks as you move away!
The frilled lizard barely misses you. The endoplasm attacks as you move away!
The endoplasm hits you. The endoplasm attacks as you move away!
The endoplasm completely misses you. The endoplasm freezes you.
You are frozen.
The frilled lizard attacks as you move away!
The frilled lizard bites you.
Aiming: Necrotise (safe; 4% risk of failure)
Press: ? - help, Q - select action Shift-Dir - straight line, f - frilled lizard, p - endoplasm
Aim: a frilled lizard (chance to affect: 84%)
The frilled lizard writhes in agony.
You kill the frilled lizard!
The dead are walking!
The endoplasm freezes you.
You are frozen.
* * * LOW HITPOINT WARNING * * *
You feel yourself slow down. The endoplasm attacks as you move away!
The endoplasm misses you. The endoplasm closely misses you.
You feel yourself speed up. The endoplasm freezes you.
You are frozen.
You die...

#...... #..# .....
#..# ... ##..####
#.####...#... #####
#.#..........
#...####.........###
#...##..............
#.........#..###.###
#..@########...#..#
#.J.# ###....##
#.Z.# ####..# #...#
##.# ##### ###


You could see an endoplasm (ally target) and a friendly frilled lizard skeleton.

Vanquished Creatures
  A giant cockroach (D:1)
  2 hobgoblins (D:1)
  A ball python (D:1)
  A frilled lizard (D:1)
5 creatures vanquished.

Notes
Turn   | Place    | Note
-------+----------+-------------------------------------------
     0 | D:1      | ChrisAssaf the Draconian Necromancer began the quest for
                  | the Orb.
     0 | D:1      | Reached XP level 1. HP: 14/14 MP: 3/3
   251 | D:1      | Frozen to death by an endoplasm

Illustrated notes

Levels and vault maps discovered:
D:1:      heliophobic_arrival_henge, layout_rooms, minmay_quantized

Action                     || total
---------------------------++-------
   Cast: Necrotise         ||    18
    Use: Potion            ||     1
 Armour: Skin              ||    15
  Dodge: Dodged            ||    39
